 Dungeon Crawl Stone Soup version 0.31-a0-233-g139696dc86 (webtiles) character file.

Game seed: 470164792481136655

14422 Decritt the Thaumaturge (level 11, -2/69 HPs)
             Began as a Deep Elf Necromancer on July 9, 2023.
             Was an Initiate of Gozag.
             Slain by a skyshark (6 damage)
             ... on level 2 of the Lair of Beasts.
             The game lasted 01:01:08 (14462 turns).

Decritt the Thaumaturge (Deep Elf Necromancer)     Turns: 14462, Time: 01:01:09

Health: -2/69      AC:  8    Str:  5    XL:     11   Next: 88%
Magic:  28/38      EV: 16    Int: 25    God:    Gozag
Gold:   1329       SH:  5    Dex: 15    Spells: 25/35 levels left

rFire   + . .        x - +2 quarterstaff of Flawed Execution {drain, rF+ MP+9}
rCold   + . .        (shield currently unavailable)
rNeg    . . .        g - +0 robe {rC+}
rPois   +            h - +1 helmet
rElec   .            n - +0 cloak
rCorr   .            (no gloves)
SInv    .            y - +2 pair of boots of Rooce {rPois Will++ Regen+ Slay-2}
Will    +++..        a - amulet of reflection
Stlth   ++           (no ring)
HPRegen 1.11/turn    (no ring)
MPRegen 0.26/turn

%: reflection
@: about to teleport, radiating poison
A: no striking features
a: Renounce Religion, Potion Petition, Call Merchant, Bribe Branch


You were on level 2 of the Lair of Beasts.
You worshipped Gozag.
Gozag was most pleased with you.
You visited 2 branches of the dungeon, and saw 11 of its levels.

You collected 2190 gold pieces.
You spent 802 gold pieces at shops.
You paid 59 gold pieces to Gozag.

Inventory:

Hand Weapons
 x - the +2 quarterstaff of Flawed Execution (weapon) {drain, rF+ MP+9}
   (You bought it in a shop on level 6 of the Dungeon)

   rF:        It protects you from fire.
   MP:        It affects your magic capacity (+9).
Missiles
 f - 16 poisoned darts
 p - 2 boomerangs (quivered)
Armour
 g - a +0 robe of cold resistance (worn)
 h - a +1 helmet (worn)
 n - a +0 cloak (worn)
 o - a +0 buckler
 v - a +2 robe of fire resistance
 y - the +2 pair of boots of Rooce (worn) {rPois Will++ Regen+ Slay-2}
   (You bought it in a shop on level 6 of the Dungeon)

   Slay:      It affects your accuracy & damage with ranged weapons and melee
   (-2).
   rPois:     It protects you from poison.
   Regen:     It increases your rate of health regeneration.
   Will:      It greatly increases your willpower.
 B - a +0 leather armour
Magical Staves
 c - a staff of death
 d - a staff of cold
Jewellery
 a - an amulet of reflection (around neck)
Wands
 e - a wand of roots (7)
 z - a wand of mindburst (1)
Scrolls
 q - 3 scrolls of amnesia
 u - a scroll of fear
 w - a scroll of revelation
 C - a scroll of poison
Potions
 b - a potion of magic
 i - 3 potions of enlightenment
 j - 6 potions of curing
 k - a potion of ambrosia
 l - a potion of brilliance
 m - 2 potions of mutation
 s - a potion of invisibility
Miscellaneous
 A - a lightning rod (4/4)


   Skills:
 + Level 8.6 Fighting
 + Level 2.1 Armour
 - Level 9.2 Dodging
 - Level 2.4 Stealth
 - Level 3.0 Shields
 + Level 12.7 Spellcasting
 * Level 0.0 Conjurations
 - Level 9.0 Necromancy
 - Level 6.3 Fire Magic
 * Level 0.0 Earth Magic
 - Level 6.0 Poison Magic


You had 25 spell levels left.
You knew the following spells:

 Your Spells              Type           Power      Damage    Failure   Level
a - Necrotise             Necr           100%       1d9       1%          1
b - Vampiric Draining     Necr           57%        2d10      1%          3
c - Olgreb's Toxic Radia  Pois           45%        N/A       3%          4
d - Sting                 Tmut/Pois      100%       1d8       1%          1
s - Slow                  Hex            60%        N/A       3%          1

Your spell library contained the following spells:

 Spells                   Type           Power      Damage    Failure   Level
 Poisonous Vapours        Pois/Air       60%        N/A       1%          2
 Agony                    Necr           57%        N/A       2%          5
 Fulminant Prism          Conj/Hex       7%         3d7       36%         4
 Leda's Liquefaction      Hex/Erth       7%         N/A       36%         4
 Lee's Rapid Deconstruct  Erth           7%         3d7*      71%         5
 Leda's Unmaking          Conj/Erth      7%         9d2       99%         6
 Statue Form              Tmut/Erth      10%        N/A       99%         6
 Enfeeble                 Hex            7%         N/A       100%        7
 Ignition                 Fire           23%        3d8       100%        8
 Animate Dead             Necr           Unusable   N/A       N/A         4

Dungeon Overview and Level Annotations

Branches:
Dungeon (9/15)             Temple (0/1) D:4            Lair (2/5) D:9
  Swamp: Lair:2-3    Shoals: Lair:2-3     Snake: Lair:2-3    Spider: Lair:2-3
    Orc: D:9-12

Altars:
Ashenzari
Cheibriados
Elyvilon
Gozag
Makhleb
Nemelex Xobeh
Uskayaw
Yredelemnul

Shops:
D:6 *   D:7 *

Annotations:
D:2 Ijustatesigmund's ghost, amateur OpVM
D:4 Menkaure
Lair:1 1 runed translucent door, Beaer's ghost, journeyman HOFi


Message History

Found a stone staircase leading down.
You now have 1329 gold pieces (gained 16).
A skyshark comes into view.
Casting: Olgreb's Toxic Radiance (dangerous; 3% risk of failure)
Confirm with . or Enter, or press ? or * to list all spells.
You begin to radiate toxic energy.
The skyshark is poisoned.
The skyshark looks even sicker.
The skyshark looks even sicker.
Your toxic aura wanes.
Casting: Olgreb's Toxic Radiance (dangerous; 3% risk of failure)
Confirm with . or Enter, or press ? or * to list all spells.
You begin to radiate toxic energy.
The skyshark barely misses you. The skyshark tail-slaps you.
You block the skyshark's attack.
Your toxic aura wanes.
The skyshark bites you!
The skyshark tastes blood and grows stronger!
The skyshark tail-slaps you. The skyshark tail-slaps you!
Casting: Olgreb's Toxic Radiance (dangerous; 3% risk of failure)
Confirm with . or Enter, or press ? or * to list all spells.
You begin to radiate toxic energy.
The skyshark bites you!!
* * * LOW HITPOINT WARNING * * *
The skyshark enters a blood-rage!
The skyshark closely misses you.
The skyshark tail-slaps you but does no damage.
The skyshark looks even sicker.
The skyshark misses you. The skyshark tail-slaps you!
* * * LOW HITPOINT WARNING * * *
You block the skyshark's attack.
Okay, then.
You can't see any enemies this would affect, really read the scroll of fear?
Okay, then.
Okay, then.
Okay, then.
As you read the scroll of teleportation, it crumbles to dust.
You feel strangely unstable.
The skyshark looks as sick as possible!
The skyshark barely misses you. The skyshark tail-slaps you.
* * * LOW HITPOINT WARNING * * *
The skyshark tail-slaps you but does no damage.
The skyshark bites you.
You die...
Your body crumbles into a pile of gold.

# ########### #
##########.##.##.#.###.##.#
...>.......................
................@l.........
.#...#.....................
...........................
...............P#######....
......P........## #...
...............# P..
#.#.+#.........# ..
...........##..#
.........#.....#


You could see a skyshark (berserk, extremely poisoned).

Vanquished Creatures
  A centaur warrior (D:8)
  2 ugly things
  A cyclops (D:8)
  An elephant (D:9)
  3 cane toads
  4 komodo dragons
  A rime drake (Lair:2)
  2 kobold demonologists (D:8)
  2 trolls
  A polar bear (Lair:1)
  Grinder (D:6)
  A hornet (D:9)
  2 wyverns
  A basilisk (D:6)
  20 yaks
  Grum (D:8)
  A steam dragon (D:7)
  4 water moccasins
  2 orc warriors
  7 black bears
  A sky beast (D:7)
  4 ice beasts
  2 ogres (D:4)
  8 wolves
  3 centaurs
  2 kobold brigands (D:8)
  14 bullfrogs
  4 scorpions
  6 killer bees (D:8)
  3 howler monkeys (D:8)
  3 jellies
  Crazy Yiuf (D:3)
  3 iguanas
  Natasha (twice) (D:3)
  7 hell rats (Lair:1)
  4 orc wizards
  5 adders
  A white imp (D:7)
  3 worms
  2 dart slugs
  35 orcs
  5 bats
  7 endoplasms
  4 giant cockroaches
  6 goblins
  6 hobgoblins
  2 jackals (D:1)
  2 quokkas
  4 ball pythons
  5 frilled lizards
  15 kobolds
  2 rats
229 creatures vanquished.

Vanquished Creatures (collateral kills)
  A dart slug (D:1)
  An endoplasm (D:1)
  A giant cockroach (D:3)
  A frilled lizard (D:1)
4 creatures vanquished.

Grand Total: 233 creatures vanquished

Notes
Turn   | Place    | Note
-------+----------+-------------------------------------------
     0 | D:1      | Decritt the Deep Elf Necromancer began the quest for the
                  | Orb.
     0 | D:1      | Reached XP level 1. HP: 10/10 MP: 6/6
    24 | D:1      | You fall into a shaft and drop 1 floor!
   248 | D:2      | Reached skill level 1 in Fighting
   248 | D:2      | Reached skill level 5 in Necromancy
   248 | D:2      | Reached XP level 2. HP: 16/16 MP: 4/8
   464 | D:1      | Reached XP level 3. HP: 20/20 MP: 7/9
  1321 | D:1      | Learned a level 3 spell: Vampiric Draining
  1562 | D:2      | Found a sparkling altar of Nemelex Xobeh.
  1859 | D:3      | Found a runed translucent gate.
  1860 | D:3      | Found a runed translucent gate.
  1861 | D:3      | Found a runed translucent gate.
  1862 | D:3      | Found an opulent altar of Gozag.
  1863 | D:3      | Noticed Ijustatesigmund's ghost (amateur OpVM)
  2189 | D:3      | Became a worshipper of Gozag Ym Sagoz the Greedy
  2343 | D:3      | Reached XP level 4. HP: 26/26 MP: 6/11
  2614 | D:3      | Found a runed translucent door.
  2615 | D:3      | Noticed Crazy Yiuf
  2692 | D:4      | Noticed an ogre
  2712 | D:4      | Noticed an ogre
  2723 | D:4      | Killed an ogre
  2724 | D:4      | Reached skill level 4 in Spellcasting
  2724 | D:4      | Reached XP level 5. HP: 31/31 MP: 1/13
  2816 | D:4      | Found a staircase to the Ecumenical Temple.
  2822 | D:4      | Killed an ogre
  3017 | D:4      | Got Puos's Dissertation on Scorched Bewitchment
  3069 | D:4      | Noticed a black bear
  3074 | D:4      | Killed a black bear
  3075 | D:4      | Reached skill level 5 in Spellcasting
  3075 | D:4      | Reached XP level 6. HP: 37/37 MP: 7/15
  3634 | D:4      | Noticed Menkaure
  3649 | D:4      | Noticed Natasha
  3663 | D:3      | Killed Natasha
  4001 | D:3      | Found a faded altar of an unknown god.
  4147 | D:3      | Noticed Natasha
  4153 | D:3      | Killed Natasha
  4334 | D:3      | Killed Crazy Yiuf
  4462 | D:5      | Entered Level 5 of the Dungeon
  4624 | D:5      | Reached XP level 7. HP: 41/41 MP: 10/17
  4656 | D:5      | Reached skill level 6 in Spellcasting
  4714 | D:5      | Found a broken altar of Ashenzari.
  5097 | D:5      | Reached skill level 1 in Shields
  5325 | D:5      | Found a burning altar of Makhleb.
  5425 | D:5      | Found a sparkling altar of Nemelex Xobeh.
  6103 | D:6      | Noticed Grinder
  6141 | D:6      | Noticed a basilisk
  6149 | D:6      | Killed a basilisk
  6150 | D:6      | Reached skill level 5 in Dodging
  6150 | D:6      | Reached skill level 7 in Spellcasting
  6150 | D:6      | Reached XP level 8. HP: 39/48 MP: 6/20
  6964 | D:7      | Reached skill level 1 in Poison Magic
  7073 | D:7      | Reached skill level 5 in Fighting
  7277 | D:7      | Found Nulinain's General Store.
  7284 | D:7      | Bought a scroll of identify for 24 gold pieces
  7284 | D:7      | Bought a scroll of revelation for 90 gold pieces
  7543 | D:5      | Learned a level 1 spell: Slow
  7694 | D:6      | Found Wufog's Assorted Antiques.
  7703 | D:6      | Bought a scroll labelled SOGEACVINUO for 27 gold pieces
  7703 | D:6      | Bought a smoking quarterstaff for 243 gold pieces
  7703 | D:6      | Identified the +2 quarterstaff of Flawed Execution {drain,
                  | rF+ MP+9} (You bought it in a shop on level 6 of the
                  | Dungeon)
  7703 | D:6      | Bought a scroll of teleportation for 81 gold pieces
  7703 | D:6      | Bought a pair of heavily runed boots for 256 gold pieces
  7703 | D:6      | Identified the +2 pair of boots of Rooce {rPois Will++
                  | Regen+ Slay-2} (You bought it in a shop on level 6 of the
                  | Dungeon)
  7703 | D:6      | Bought a scroll of teleportation for 81 gold pieces
  7766 | D:6      | Acquired an amulet of reflection
  7854 | D:6      | Found a snail-covered altar of Cheibriados.
  8194 | D:6      | Killed Grinder
  8195 | D:6      | Reached XP level 9. HP: 54/54 MP: 22/22
  8612 | D:7      | Found a white marble altar of Elyvilon.
  8790 | D:7      | Reached skill level 8 in Spellcasting
  8838 | D:7      | Learned a level 4 spell: Olgreb's Toxic Radiance
  8844 | D:7      | Noticed a troll
  8856 | D:7      | Killed a troll
  9032 | D:7      | Found a basalt altar of Yredelemnul.
  9111 | D:8      | Reached skill level 9 in Spellcasting
  9855 | D:8      | Learned a level 1 spell: Sting
 10070 | D:8      | Reached XP level 10. HP: 49/50 MP: 22/25
 10374 | D:8      | Noticed a cyclops
 10402 | D:8      | Killed a cyclops
 10403 | D:8      | Reached skill level 10 in Spellcasting
 10431 | D:8      | Noticed an orange demon
 10436 | D:8      | Identified the ring "Hexzidat" {Fire Fly rPois Int+4 Dex-4}
 10557 | D:8      | Noticed a centaur warrior
 10560 | D:8      | Killed a centaur warrior
 10561 | D:8      | Reached skill level 5 in Poison Magic
 10649 | D:8      | Noticed a smoke demon
 10738 | D:8      | Noticed a purple ugly thing
 10876 | D:8      | Noticed Grum
 10884 | D:8      | Killed Grum
 11146 | D:8      | Killed a purple ugly thing
 11147 | D:8      | Reached skill level 11 in Spellcasting
 11615 | D:9      | Found a staircase to the Lair.
 11615 | D:9      | Noticed an elephant
 11625 | D:9      | Killed an elephant
 11853 | D:9      | Noticed a purple ugly thing
 11872 | D:9      | Killed a purple ugly thing
 11873 | D:9      | Reached XP level 11. HP: 48/68 MP: 24/28
 11950 | D:9      | Found a hide-covered altar of Uskayaw.
 12024 | Lair:1   | Entered Level 1 of the Lair of Beasts
 12058 | Lair:1   | Reached skill level 1 in Fire Magic
 12722 | Lair:1   | Reached skill level 12 in Spellcasting
 13567 | Lair:1   | Found a runed translucent door.
 13670 | Lair:1   | Noticed Beaer's ghost (journeyman HOFi)
 13865 | Lair:2   | Reached skill level 1 in Armour
 13865 | Lair:2   | Reached skill level 5 in Fire Magic
 14452 | Lair:2   | Noticed a skyshark
 14462 | Lair:2   | Slain by a skyshark

Illustrated notes

Levels and vault maps discovered:
D:1:      giann_wishing_wells, layout_basic
D:2:      layout_loops_ring, basic_altar
D:3:      layout_basic, ebering_ghost_gozag,
          dreamdust_ecumenical_altar_hidden_monk_grotto, uniq_crazy_yiuf_cottage
D:4:      layout_cave_pods, minmay_temple_entry_enclosed_plants,
          grunt_decor_resistance, minmay_quadrilaterals, uniq_eustachio,
          uniq_menkaure, uniq_natasha
D:5:      layout_basic, nicolae_ashenzari_panopticon,
          mainiacjoe_overflow_divided_tiny
D:6:      layout_basic, cheibriados_altar_1, serial_shops,
          kennysheep_little_box, minivault_1, feat_on_display, uniq_grinder
D:7:      layout_loops_ring, kennysheep_ying_yang, serial_shops,
          nicolae_shop_behind_doors
D:8:      layout_loops_ring, hangedman_glass_teeth, minmay_evil_grid, uniq_grum
D:9:      layout_basic, lemuel_coloured_pillars_altar,
          mainiacjoe_overflow_swirl, nicolae_hepliaklqana_hazy_memory,
          david_lair_generic
Lair:1:   layout_cave_pods, ebering_ghost_inner_flame, beast_lair_carwin_3,
          grunt_megastairs_1
Lair:2:   layout_chaotic_city, minmay_snake_entry_guardpost_small,
          lemuel_fruit_tree, grunt_megastairs_3

Skill      XL: |  1  2  3  4  5  6  7  8  9 10 11 |
---------------+----------------------------------+-----
Fighting       | 1 2 3 4 5 6 7 8 |  8.6
Necromancy     | 5 6 7 9 |  9.0
Dodging        | 3 4 5 6 7 8 9 |  9.2
Spellcasting   | 4 5 7 9 11 12 | 12.7
Shields        | 1 2 3 |  3.0
Poison Magic   | 3 4 6 |  6.0
Fire Magic     | 6 |  6.3
Armour         | 2 |  2.1
Stealth        | |  2.4

Action                     |  1- 3 |  4- 6 |  7- 9 | 10-12 || total
---------------------------+-------+-------+-------+-------++-------
  Melee: Staff             |     1 |     4 |     1 |       ||     6
         Quarterstaff      |       |       |    47 |     6 ||    53
  Throw: Dart              |     1 |     1 |    11 |       ||    13
         Boomerang         |       |       |    28 |     1 ||    29
   Cast: Necrotise         |    68 |    55 |    78 |    26 ||   227
         Vampiric Draining |     1 |    21 |    75 |    76 ||   173
         Slow              |       |       |    25 |     5 ||    30
         Sting             |       |       |    12 |     1 ||    13
         Olgreb's Toxic Ra |       |       |     8 |    84 ||    92
    Use: Scroll            |     3 |     3 |    13 |     4 ||    23
         Potion            |       |     1 |       |       ||     1
 Armour: Robe              |     2 |     3 |    34 |    33 ||    72
  Dodge: Dodged            |    12 |    20 |   123 |   118 ||   273
  Block: Buckler           |       |       |    18 |       ||    18
         Other             |       |       |    27 |    49 ||    76
         Reflection        |       |       |     1 |     2 ||     3

Table legend: (Time is in decaauts)
 A = Elapsed time spent in this place.
 B = Non-inter-level travel time spent in this place.
 C = Inter-level travel time spent in this place.
 D = Time resting spent in this place.
 E = Time spent auto-exploring this place.
 F = Levels seen in this place.
 G = Mean time per level.
                   A        B        C        D        E       F      G
               +--------+--------+--------+--------+--------+-----+--------+
         Total |  14511 |  14277 |    234 |   3249 |   7034 |  11 | 1319.2 |
       Dungeon |  12139 |  11924 |    215 |   2423 |   5958 |   9 | 1348.8 |
          Lair |   2371 |   2353 |     18 |    826 |   1076 |   2 | 1185.5 |
               +--------+--------+--------+--------+--------+-----+--------+

Top non-repeatable levels by time:
  Lair:1: 2017 daAuts
     D:8: 1804 daAuts
     D:5: 1760 daAuts
     D:6: 1748 daAuts
     D:7: 1505 daAuts
     D:3: 1500 daAuts
     D:1: 1033 daAuts
     D:4: 1022 daAuts
     D:2: 906 daAuts
     D:9: 859 daAuts
  Lair:2: 354 daAuts
